 Dungeon Crawl Stone Soup version 0.18.1-48-g4cf74bf (webtiles) character file.

252 hairmachine the Slasher (level 5, 0/45 HPs)
             Began as a Minotaur Fighter on July 3, 2016.
             Was a Follower of Makhleb.
             Slain by Menkaure (7 damage)
             ... on level 4 of the Dungeon.
             The game lasted 00:07:22 (2601 turns).

hairmachine the Slasher (Minotaur Fighter)          Turns: 2601, Time: 00:07:23

Health: 0/45       AC:  8    Str: 20    XL:     5   Next: 89%
Magic:  4/4        EV: 10    Int:  5    God:    Makhleb [*.....]
Gold:   189        SH:  0    Dex: 11    Spells: 0 memorised, 4 levels left

rFire  . . .     SeeInvis .     a - +0 long sword
rCold  . . .     Gourm    .     g - +0 ring mail
rNeg   . . .     Faith    .     (no shield)
rPois  .         Spirit   .     (helmet restricted)
rElec  .         Dismiss  .     q - +0 cloak
rCorr  .         Reflect  .     (no gloves)
SustAt .         Harm     .     m - +0 pair of boots
MR     .....                    (no amulet)
Stlth  +.........               (no ring)
                                (no ring)

@: not resistant to hostile enchantments, very unstealthy
A: retaliatory headbutt, horns 2
a: Renounce Religion


You were on level 4 of the Dungeon.
You worshipped Makhleb.
Makhleb was aware of your devotion.
You were not hungry.

You visited 1 branch of the dungeon, and saw 4 of its levels.

You collected 189 gold pieces.

Inventory:

Hand Weapons
 a - a +0 long sword (weapon)
Armour
 b - a +0 scale mail
 c - a +0 shield
 g - a +0 ring mail (worn)
 m - a +0 pair of boots (worn)
 q - a +0 cloak (worn)
Jewellery
 r - an uncursed amulet of faith {unknown}
 A - an uncursed ring of see invisible
 B - a cursed ring of teleportation {unknown}
Scrolls
 e - 4 scrolls of remove curse
 k - a scroll of identify
 n - a scroll of enchant armour {unknown}
 p - 2 scrolls of immolation {unknown}
 s - 2 scrolls of fear {unknown}
 y - a scroll of blinking {unknown}
 z - a scroll of teleportation {unknown}
Potions
 i - 2 potions of flight {unknown}
 j - 2 potions of berserk rage {unknown}
 l - a potion of haste {unknown}
 o - a potion of brilliance {unknown}
 t - 2 potions of curing {unknown}
 u - 2 potions of heal wounds {unknown}
 w - a potion of agility {unknown}
 x - a potion of mutation {unknown}
 C - a potion of resistance {unknown}
Comestibles
 f - 3 bread rations
 h - 2 meat rations
 v - a slice of pizza


   Skills:
 - Level 3.6 Fighting
 + Level 7.5 Long Blades
 - Level 3.6 Armour
 - Level 3.6 Shields


You had 4 spell levels left.
You didn't know any spells.

Dungeon Overview and Level Annotations

Branches:
Dungeon (4/15)
 Temple: D:4-7

Altars:
Makhleb
Trog
Vehumet

Annotations:
D:4 Menkaure


Innate Abilities, Weirdness & Mutations

You reflexively headbutt those who attack you in melee.
You have a pair of horns on your head.


Message History

Menkaure hits you!
You closely miss Menkaure. Menkaure hits you.
* * * LOW HITPOINT WARNING * * *
As you read the scroll labeled OVOIWKYGGO, it crumbles to dust.
It is a scroll of identify.
Identify which item? (\ to view known items) (? for menu, Esc to quit)
A - an uncursed ring of see invisible Menkaure hits you but does no damage.
Read which item? (? for menu, Esc to quit)
As you read the scroll labeled TAAVISAO ANUF, it crumbles to dust.
You feel blessed for a moment.
It was a scroll of remove curse.
The orc hits you with a hand axe.
* * * LOW HITPOINT WARNING * * *
Your ring mail prevents you from hitting the orc.
The orc is moderately wounded.
Menkaure hits you but does no damage. The orc closely misses you.
You hit the orc but do no damage. Your headbutt misses the orc.
The orc is moderately wounded.
Menkaure hits you!
You die...

#.####.#.#
#........#
######.###
#.# #.#
######.##
#.......#
#.####..#####
. #.....o@.#
.....#..###M#
............#
#.####..##M.#
# .....# ..#
####.## ..#
.. M.. .##
..#: #. ..#.#


You could see Menkaure and an orc.

Vanquished Creatures
  A scorpion (D:4)
  Crazy Yiuf (D:2)
  A worker ant (D:3)
  6 adders
  2 oozes
  3 worms
  A dart slug (D:3)
  A giant gecko (D:1)
  3 ball pythons
  7 bats
  4 giant cockroaches
  6 goblins
  6 hobgoblins
  10 jackals
  9 kobolds
  2 quokkas
  4 giant newts
  10 rats
77 creatures vanquished.

Notes
Turn   | Place    | Note
--------------------------------------------------------------
     0 | D:1      | hairmachine the Minotaur Fighter began the quest for the Orb.
     0 | D:1      | Reached XP level 1. HP: 19/19 MP: 0/0
   241 | D:1      | Reached skill level 3 in Long Blades
   301 | D:1      | Reached XP level 2. HP: 24/26 MP: 1/1
   633 | D:1      | Reached skill level 4 in Long Blades
   958 | D:1      | Reached XP level 3. HP: 31/31 MP: 2/2
  1210 | D:2      | Reached skill level 5 in Long Blades
  1235 | D:2      | Reached XP level 4. HP: 25/39 MP: 3/3
  1686 | D:2      | Noticed Crazy Yiuf
  1691 | D:2      | Killed Crazy Yiuf
  1785 | D:3      | Reached skill level 6 in Long Blades
  1833 | D:3      | Found a burning altar of Makhleb.
  1866 | D:3      | Became a worshipper of Makhleb the Destroyer
  1924 | D:3      | Reached XP level 5. HP: 45/45 MP: 4/4
  2036 | D:3      | Found a radiant altar of Vehumet.
  2099 | D:3      | Reached skill level 7 in Long Blades
  2183 | D:3      | Reached * piety under Makhleb
  2241 | D:3      | Found a bloodstained altar of Trog.
  2584 | D:4      | Noticed Menkaure
  2601 | D:4      | Slain by Menkaure

Skill      XL: |  1  2  3  4  5 |
---------------+----------------+-----
Long Blades    | 3 4 5 6 7 |  7.5
Fighting       | |  3.6
Armour         | |  3.6
Shields        | |  3.6

Action                   |  1- 3 |  4- 6 || total
-------------------------+-------+-------++-------
Melee: Long sword        |    69 |    94 ||   163
       Headbutt          |    13 |    16 ||    29
  Use: Potion            |       |     1 ||     1
       Scroll            |       |     2 ||     2
  Eat: Chunk             |     1 |     4 ||     5
Armor: Ring mail         |    23 |    59 ||    82
Dodge: Dodged            |    35 |    49 ||    84
